 Dungeon Crawl Stone Soup version 0.31-a0-426-g3a05650e59 (webtiles) character file.

Game seed: 931477105731034523

1947 Sirjeffry24 the Protected (level 8, 0/70 HPs)
             Began as an Armataur Fighter on July 30, 2023.
             Was a Believer of the Shining One.
             Killed by divine providence
             ... invoked by an orc priest
              (12 damage)
             ... on level 6 of the Dungeon.
             The game lasted 00:09:55 (6289 turns).

Sirjeffry24 the Protected (Armataur Fighter)        Turns: 6289, Time: 00:09:55

Health: 0/70       AC: 25    Str: 23    XL:     8   Next: 98%
Magic:  20/20      EV:  3    Int:  9    God:    the Shining One [**....]
Gold:   350        SH:  5    Dex: 10    Spells: 7/7 levels left

rFire   . . .        p - +0 morningstar
rCold   . . .        c - +0 buckler
rNeg    + . .        k - +0 plate armour
rPois   .            l - +0 helmet
rElec   .            (no cloak)
rCorr   .            h - +0 pair of gloves
SInv    .            f - +1 barding
Will    .....        (no amulet) Stlth
                     s - ring of magical power
HPRegen 0.31/turn    u - +4 ring of protection
MPRegen 0.17/turn

%: roll
@: glowing
A: large, rugged brown scales 3, deformed body, armoured tail, roll, long
tongue, awkward tongue
a: Renounce Religion, Divine Shield


You were on level 6 of the Dungeon.
You worshipped the Shining One.
The Shining One was pleased with you.
You visited 2 branches of the dungeon, and saw 7 of its levels.

You collected 350 gold pieces.

Inventory:

Hand Weapons
 a - a +0 flail
 p - a +0 morningstar (weapon)
 q - a +6 heavy dire flail
Missiles
 n - a throwing net
Armour
 c - a +0 buckler (worn)
 f - a +1 barding (worn)
 h - a +0 pair of gloves (worn)
 k - a +0 plate armour (worn)
 l - a +0 helmet (worn)
Jewellery
 e - a ring of wizardry
 s - a ring of magical power (left hand)
 u - a +4 ring of protection (right hand)
Wands
 o - a wand of polymorph (7)
 w - a wand of quicksilver (5)
Scrolls
 b - 2 scrolls of enchant armour
 i - 3 scrolls of vulnerability
 m - 5 scrolls of identify
 r - a scroll of revelation {unknown}
 x - a scroll of enchant weapon {unknown}
Potions
 d - 3 potions of might
 g - a potion of enlightenment
 j - a potion of magic
 t - a potion of mutation {unknown}
 v - a potion of curing {unknown}


   Skills:
 + Level 4.2 Fighting
 + Level 5.8 Maces & Flails
 * Level 8.6 Armour
 - Level 0.3 Dodging
 - Level 0.1 Stealth
 * Level 6.0 Shields
 * Level 4.3 Invocations


You had 7 spell levels left.
You didn't know any spells.
Your spell library contained the following spells:

 Spells                   Type           Power      Damage    Failure   Level
 Sandblast                Erth           0%         2d4       100%        1
 Passwall                 Tmut/Erth      0%         N/A       100%        2
 Call Canine Familiar     Summ           0%         N/A       100%        3
 Portal Projectile        Hex/Tloc       0%         N/A       100%        3
 Stone Arrow              Conj/Erth      0%         3d7       100%        3
 Vhi's Electric Charge    Tloc/Air       0%         N/A       100%        3
 Leda's Liquefaction      Hex/Erth       0%         N/A       100%        4
 Arcjolt                  Conj/Air       0%         1d10      100%        5
 Plasma Beam              Fire/Air       0%         2x1d10    100%        6


Dungeon Overview and Level Annotations

Branches:
Dungeon (6/15)             Temple (1/1) D:5

Altars:
Ashenzari
Cheibriados
Dithmenos
Elyvilon
Fedhas
Hepliaklqana
Makhleb
Nemelex Xobeh
Okawaru
Qazlal
Sif Muna
Trog
Uskayaw
Vehumet
Wu Jian
Xom
Yredelemnul
Zin
The Shining One


Innate Abilities, Weirdness & Mutations

You are completely covered in rugged brown scales. (AC +3, +7% HP)
Armour fits poorly on your strangely shaped body.
You have a long armoured tail.
You roll when moving toward enemies. (Rampage)
Your long tongue fully drains potion bottles. (2x potion effects)
Your tongue gives you trouble enunciating. (1.5x scroll delay)


Message History

The orc is moderately wounded.
The orc hits you but does no damage.
The orc priest calls down the wrath of Beogh upon you.
Beogh smites you!
You barely miss the orc. You tail-slap the orc.
You kill the orc!
You roll towards the orc warrior!
You barely miss the orc warrior. You tail-slap the orc warrior!
The orc warrior is moderately wounded.
The orc priest mumbles some strange prayers to Beogh against you.
Beogh smites you!
You barely miss the orc warrior.
The orc warrior is moderately wounded.
The orc warrior hits you but does no damage.
You hit the orc warrior.
The orc warrior is moderately wounded.
The orc warrior hits you but does no damage.
You puncture the orc warrior! You tail-slap the orc warrior.
The orc warrior is severely wounded.
You block the orc warrior's attack.
You hit the orc warrior.
The orc warrior is almost dead.
The orc warrior hits you but does no damage. x2
The orc priest mumbles some strange prayers to Beogh against you.
Beogh smites you!
You hit the orc warrior but do no damage.
The orc warrior is almost dead.
The orc warrior hits you with a +0 glaive!
You hit the orc warrior.
The orc warrior is almost dead.
The orc warrior hits you with a +0 glaive.
You hit the orc warrior but do no damage.
The orc warrior is almost dead.
The orc warrior hits you with a +0 glaive!
* * * LOW HITPOINT WARNING * * *
You puncture the orc warrior!
You kill the orc warrior!
The orc priest calls down the wrath of Beogh upon you.
Beogh smites you!
You die...

#
....#########
#...oo)@....#
#.#########)#
..# #.# #####
#.# #.#
##...## #.#
#.#####.....#
...
#....)))....#
#.#
#######.....#
#.# ##.<.##
#.# ##.##


You could see an orc priest and an orc.

Vanquished Creatures
  Sigmund (D:5)
  An ice beast (D:6)
  2 orc warriors (D:6)
  A black bear (D:4)
  2 centaurs
  The ghost of BaconRulez the Changeling, an amateur DgSh (D:3)
  2 bullfrogs
  5 scorpions
  2 hounds
  4 orc priests
  A gnoll bouda (D:5)
  4 iguanas
  Jessica (D:2)
  A sleepcap (D:6)
  Natasha (thrice) (D:2)
  4 orc wizards
  Robin (D:2)
  4 gnolls (D:4)
  13 adders
  An ufetubus (D:5)
  3 worms (D:3)
  A dart slug (D:4)
  16 orcs
  5 ball pythons
  8 endoplasms
  6 giant cockroaches
  12 goblins
  9 hobgoblins
  13 jackals
  4 quokkas
  9 bats
  2 frilled lizards (D:2)
  8 kobolds
  4 rats
154 creatures vanquished.

Notes
Turn   | Place    | Note
-------+----------+-------------------------------------------
     0 | D:1      | Sirjeffry24 the Armataur Fighter began the quest for the
                  | Orb.
     0 | D:1      | Reached XP level 1. HP: 19/19 MP: 1/1
   135 | D:1      | Reached XP level 2. HP: 26/26 MP: 2/2
   460 | D:1      | Reached skill level 4 in Armour
   770 | D:2      | Found a faded altar of an unknown god.
   781 | D:2      | Reached XP level 3. HP: 21/32 MP: 3/3
  1092 | D:2      | Noticed Natasha
  1102 | D:2      | Killed Natasha
  1173 | D:2      | Found a white marble altar of Elyvilon.
  1186 | D:2      | Became a worshipper of Elyvilon the Healer
  1195 | D:2      | Noticed Natasha
  1200 | D:2      | Killed Natasha
  1201 | D:2      | Reached XP level 4. HP: 16/40 MP: 4/4
  1214 | D:2      | Noticed Natasha
  1225 | D:2      | Noticed Robin
  1239 | D:2      | Killed Robin
  1481 | D:2      | Killed Natasha
  1482 | D:2      | Reached XP level 5. HP: 21/48 MP: 5/5
  1628 | D:2      | Noticed Jessica
  1632 | D:2      | Killed Jessica
  1633 | D:2      | Reached skill level 5 in Armour
  1968 | D:3      | Found a runed translucent gate.
  1968 | D:3      | Found a runed translucent gate.
  1968 | D:3      | Found a runed translucent gate.
  1973 | D:3      | Noticed BaconRulez's ghost (amateur DgSh)
  2134 | D:3      | Reached * piety under Elyvilon
  2444 | D:3      | Reached XP level 6. HP: 45/54 MP: 6/6
  3002 | D:4      | Reached ** piety under Elyvilon
  3067 | D:4      | Reached skill level 1 in Invocations
  3259 | D:5      | Entered Level 5 of the Dungeon
  4015 | D:4      | Reached skill level 6 in Armour
  4207 | D:3      | Reached XP level 7. HP: 56/60 MP: 8/8
  4324 | D:4      | Noticed Edmund
  4325 | D:4      | Edmund changed into Edmund the scorpion
  4325 | D:4      | Noticed Edmund
  4333 | D:4      | Killed Edmund the scorpion
  4483 | D:5      | Reached skill level 5 in Shields
  4881 | D:3      | Killed BaconRulez's ghost
  4993 | D:4      | Reached skill level 7 in Armour
  5382 | D:5      | Reached *** piety under Elyvilon
  5438 | D:5      | Noticed Sigmund
  5448 | D:5      | Killed Sigmund
  5449 | D:5      | Reached XP level 8. HP: 64/70 MP: 10/10
  5480 | D:5      | Found a staircase to the Ecumenical Temple.
  5500 | Temple   | Entered the Ecumenical Temple
  5562 | Temple   | Fell from the grace of Elyvilon
  5562 | Temple   | Became a worshipper of the Shining One
  5562 | Temple   | Reached * piety under the Shining One
  5878 | D:6      | Reached skill level 5 in Maces & Flails
  5913 | D:6      | Reached skill level 8 in Armour
  6275 | D:6      | Reached ** piety under the Shining One
  6289 | D:6      | Killed from afar by an orc priest

Illustrated notes

Levels and vault maps discovered:
D:1:      minmay_arrival_wavy_path, layout_basic, minmay_pentomino_z2
D:2:      layout_basic, shapermc_ecumenical_altar_starsandcircs, basic_altar,
          kennysheep_pointless_box, minmay_misc_feat_cross, uniq_jessica,
          uniq_natasha, uniq_robin
D:3:      layout_loops_ring, ebering_ghost_rock_garden
D:4:      layout_gridville, uniq_edmund
D:5:      layout_rooms, minmay_temple_entry_water_ring,
          amcnicky_mini_pool_small, minmay_holes, uniq_sigmund
D:6:      layout_loops_ring
Temple:   hc_temple_tempest_star

Skill      XL: |  1  2  3  4  5  6  7  8 |
---------------+-------------------------+-----
Maces & Flails | 2 3 4 5 |  5.8
Armour         | 4 5 6 7 8 |  8.6
Fighting       | 3 4 |  4.2
Shields        | 4 5 6 |  6.0
Invocations    | 1 3 4 |  4.3
Dodging        | |  0.3
Stealth        | |  0.1

Action                     |  1- 3 |  4- 6 |  7- 9 || total
---------------------------+-------+-------+-------++-------
  Melee: Flail             |    94 |   272 |     4 ||   370
         Tailslap          |    11 |    33 |    21 ||    65
         Morningstar       |       |       |   178 ||   178
  Evoke: Wand              |       |       |     1 ||     1
    Use: Scroll            |     3 |     5 |       ||     8
   Stab: Distracted        |     1 |       |       ||     1
 Armour: Scale mail        |    60 |       |       ||    60
         Plate armour      |     1 |   263 |   229 ||   493
  Dodge: Dodged            |    22 |    21 |    23 ||    66
  Block: Buckler           |    18 |    69 |    46 ||   133

Table legend: (Time is in decaauts)
 A = Elapsed time spent in this place.
 B = Non-inter-level travel time spent in this place.
 C = Inter-level travel time spent in this place.
 D = Time resting spent in this place.
 E = Time spent auto-exploring this place.
 F = Levels seen in this place.
 G = Mean time per level.
                   A        B        C        D        E       F      G
               +--------+--------+--------+--------+--------+-----+--------+
         Total |   6466 |   6235 |    231 |   1244 |   3457 |   7 |  923.7 |
       Dungeon |   6321 |   6104 |    217 |   1244 |   3432 |   6 | 1053.5 |
        Temple |    144 |    130 |     14 |      0 |     25 |   1 |  144.0 |
               +--------+--------+--------+--------+--------+-----+--------+

Top non-repeatable levels by time:
     D:4: 1549 daAuts
     D:3: 1175 daAuts
     D:5: 1119 daAuts
     D:2: 1110 daAuts
     D:1: 876 daAuts
     D:6: 489 daAuts
  Temple: 144 daAuts
